!Justin14p!, lawful male human Knight ---- |..--------- --#-- ---.........%.. .)().| |...---------.. ----.#-- ---.--- . |.@.| -----...- ---G# -<....... . ......- !Justin14p! the Esquire Experience level: 3 Strength: 16 Dexterity: 8 Constitution: 12 Intelligence: 12 Wisdom: 15 Charisma: 17 Health: 0(31) Energy: 23(23) Def: 7 Gold: 330 Moves: 1908 Dungeon seed: wxjjNxhAEK0HXFSv Game ID: !Justin14p!_1525802319 Your Inventory: Coins $ - 330 gold pieces Weapons a - a +1 long sword (weapon in hand) b - a +1 lance s - a +0 aklys Armor e - an uncursed +1 ring mail (being worn) n - a blessed +0 helmet (being worn) q - an uncursed +0 small shield (being worn) r - an uncursed +0 pair of leather gloves (being worn) z - an uncursed +0 orcish helm Y - an uncursed +0 elven leather helm Comestibles c - 12 uncursed apples d - 10 uncursed carrots k - 2 uncursed cream pies Potions h - an uncursed potion of sickness Tools g - an uncursed mirror t - an uncursed partly used tallow candle (lit) (0:145) u - 7 uncursed tallow candles (0:200) Gems y - an uncursed worthless piece of blue glass N - an uncursed worthless piece of yellowish brown glass Spells and supernatural/magical abilities: Name Level Category Fail Memory W - pray for help -- divine ? -- X - turn undead -- divine ? -- Y - supernatural jump -- ability ? -- Your skills at the end: Fighting Skills riding [Basic] Weapon Skills long sword [Basic] lance [Basic] Spellcasting Skills Final Attributes: You were devoutly aligned. You could jump. You are dead. Vanquished creatures: a pony a shrieker a gnome lord a rothe 2 coyotes a gas spore a cave spider a yellow mold 3 gnomes a gnome zombie 4 geckos a goblin 3 sewer rats 3 grid bugs 5 lichens 3 newts 32 creatures vanquished. Voluntary challenges: You followed a strict vegan diet. You used a wielded weapon 24 times, starting on turn 257. You read items or engraved 36 times, starting on turn 813. You never genocided any monsters. You never polymorphed an object. You never changed form. You used no wishes. You never split a pudding. You wrote Elbereth's name 26 times, starting on turn 814. You violated your moral code, losing 1 point of alignment, starting on turn 1900. Dungeon overview: The Dungeons of Doom: levels 1 to 5 Level 1 a fountain a long staircase Level 2 a fountain Level 3 (Altar lvl) an altar to Manannan Mac Lir, some fountains Level 4 some fountains stairs to The Gnomish Mines Level 5 The Gnomish Mines: Level 5 <- You were here stairs to The Dungeons of Doom History has recorded: On T:1 you entered the Dungeons of Doom to retrieve the Amulet of Yendor! On T:316 you reached level 2 of The Dungeons of Doom. On T:736 you reached level 3 of The Dungeons of Doom. On T:876 you advanced to experience level 2. On T:1246 you reached level 4 of The Dungeons of Doom. On T:1531 you advanced to experience level 3. On T:1740 you reached level 5 of The Dungeons of Doom. On T:1781 you reached level 1 of The Gnomish Mines. Score breakdown: Gold: 330 ( 8571 points) Experience: 3 levels ( 7878 points) Exploration: 5 levels ( 10.87%) ( 8944 points) Discoveries: 1 item ( 0.41%) ( 1912 points) Valuables value: (no points given unless you survive) Artifact value: 0 ( 0 points) Variety of kills: 16 monsters ( 4.20%) ( 6147 points) Turncount: 1908 turns ( 0 points) Survival: died (score multiplied by 80%) Total score: 26761 Latest messages: Skurwiel iaaaaa is killed! There are a few objects here. You miss the rothe. The rothe hits! The rothe misses. The rothe bites! The throwing star hits the rothe. You write in the dust with your fingers. The rothe turns to flee! Something is written here in the dust. You read: "Elbereth". u - 7 candles. You are hit by a shuriken. Something is written here in the dust. You read: "| ? ?h". You hear crashing rock. You are almost hit by a shuriken. (2x) The rothe eats a pony corpse named Skurwiel iaaaaa. The gnome king swings his aklys. The gnome king hits! You die... Final status: Fare thee well !Justin14p! the Knight, killed by a gnome king... You died in The Gnomish Mines on dungeon level 5 with 26761 points, and 330 pieces of gold, after 1908 moves. You were level 3 with a maximum of 31 hit points when you died.